 Dungeon Crawl Stone Soup version 0.27.1-37-g7b29ead8ac (console) character file.

Game seed: 5303796993642928801

68529 grimtooth the Ripper (level 14, -6/82 HPs)
             Began as a Felid Transmuter on Dec 1, 2023.
             Was the Champion of Nemelex Xobeh.
             Hit by a javelin thrown by a merfolk javelineer (29 damage)
             ... on level 4 of the Shoals on Dec 2, 2023.
             The game lasted 05:49:29 (60785 turns).

grimtooth the Ripper (Felid Transmuter)            Turns: 60785, Time: 05:49:30

Health: -6/82      AC: 11    Str:  6    XL:     14   Next: 87%
Magic:  27/27      EV: 17    Int: 26    God:    Nemelex Xobeh [******]
Gold:   2049       SH:  0    Dex: 18    Spells: 1/30 levels left
                                        Lives:  0   Deaths: 4

rFire    x . .     SeeInvis +     - Unarmed
rCold    + + +     Faith    +   (shield unavailable)
rNeg     . . .     Spirit   .   (armour unavailable)
rPois    +         Reflect  .   (helmet unavailable)
rElec    .         Harm     .   (cloak unavailable)
rCorr    .         Rampage  .   (gloves unavailable)
Will     ++...     Rnd*Rage +   (boots unavailable)
Stlth    +++++.....             n - amulet of faith
HPRegen  0.23/turn              y - ring of flight
MPRegen  0.20/turn              D - +6 ring of intelligence

@: ice-form, flying
A: freezing attack, amphibious, boosted hp, large, (claws 1), (fangs 3), see
invisible, (speed 1), (shaggy fur 3), (stealthy paws), no weapons or thrown
items, no armour, multi-lived, (antennae 1), berserk 1, MP-powered wands
a: End Transformation, Renounce Religion, Draw Escape, Draw Destruction, Draw
Summoning, Draw Stack, Triple Draw, Deal Four, Stack Five


You were on level 4 of the Shoals.
You worshipped Nemelex Xobeh.
Nemelex Xobeh was exalted by your worship.
You were a creature of crystalline ice.
You visited 6 branches of the dungeon, and saw 32 of its levels.
You also visited: Bailey, Ice Cave and Volcano.

You collected 3242 gold pieces.
You spent 1193 gold pieces at shops.

Inventory:

Jewellery
 b - a ring of willpower
 h - a +4 ring of evasion
 j - a ring of wizardry
 n - an amulet of faith (around neck)
 r - a +6 ring of strength
 s - a ring of resist corrosion
 y - a ring of flight (left front paw)
 D - a +6 ring of intelligence (right front paw)
 F - an amulet of regeneration
 H - a ring of fire
 I - a ring of fire
 J - a ring of poison resistance
 M - a ring of ice
 N - a ring of ice
 Q - an amulet of the acrobat
Wands
 x - a wand of polymorph (15)
 A - a wand of iceblast (3)
 C - a wand of paralysis (8)
 E - a wand of digging (2)
 P - a wand of mindburst (18)
Scrolls
 f - 4 scrolls of fog
 k - 8 scrolls of teleportation
 l - 5 scrolls of vulnerability
 m - 9 scrolls of magic mapping
 o - 2 scrolls of acquirement
 w - a scroll of fear
 B - 2 scrolls of silence
 G - 3 scrolls of immolation
 K - 2 scrolls of amnesia
 L - 2 scrolls of summoning
 R - a scroll of holy word
Potions
 a - 2 potions of ambrosia
 d - 3 potions of cancellation
 e - a potion of curing
 g - 5 potions of haste
 i - 5 potions of flight
 p - a potion of invisibility
 q - 4 potions of lignification
 t - 6 potions of brilliance
 u - 4 potions of magic
 v - a potion of berserk rage
 z - 2 potions of heal wounds
 O - 4 potions of might
 V - a potion of resistance
Miscellaneous
 c - a piece from Xom's chessboard (15/15)


   Skills:
 - Level 12.0 Fighting
 - Level 12.0 Dodging
 - Level 12.0 Stealth
 - Level 15.0 Unarmed Combat
 * Level 8.8 Spellcasting
 + Level 14.6 Hexes
 + Level 2.8 Translocations
 - Level 10.0 Transmutations
 - Level 9.0 Ice Magic
 - Level 4.0 Poison Magic
 - Level 12.0 Invocations


You had one spell level left.
You knew the following spells:

 Your Spells              Type           Power      Damage    Failure   Level
b - Tukima's Dance        Hex            73%        N/A       1%          3
c - Frozen Ramparts       Ice            100%       1d12      1%          3
e - Ensorcelled Hibernat  Hex/Ice        100%       N/A       1%          2
k - Blink                 Tloc           N/A        N/A       2%          2
o - Ozocubu's Armour      Ice            55%        N/A       1%          3
v - Invisibility          Hex            36%        N/A       1%          6
y - Yara's Violent Unrav  Hex/Tmut       33%        3d14      1%          5
B - Beastly Appendage     Tmut           100%       N/A       1%          1
I - Ice Form              Ice/Tmut       57%        N/A       1%          4

Your spell library contained the following spells:

 Spells                   Type           Power      Damage    Failure   Level
 Corona                   Hex            81%        N/A       0%          1
 Apportation              Tloc           52%        N/A       1%          1
 Freeze                   Ice            100%       1d11      1%          1
 Foxfire                  Conj/Fire      44%        2x1d6     5%          1
 Pain                     Necr           44%        1d6       5%          1
 Summon Small Mammal      Summ           44%        N/A       5%          1
 Wereblood                Tmut           59%        N/A       1%          2
 Dazzling Flash           Conj/Hex       98%        N/A       1%          3
 Inner Flame              Hex/Fire       49%        N/A       1%          3
 Spider Form              Tmut/Pois      23%        N/A       1%          3
 Summon Guardian Golem    Hex/Summ       49%        N/A       1%          3
 Cause Fear               Hex            36%        N/A       1%          4
 Ignite Poison            Fire/Tmut/Pois 35%        N/A       2%          3
 Blade Hands              Tmut           29%        N/A       2%          5
 Silence                  Hex/Air        24%        N/A       7%          5
 Corpse Rot               Necr/Air       N/A        N/A       8%          2
 Sublimation of Blood     Necr           5%         N/A       8%          2
 Mephitic Cloud           Conj/Pois/Air  18%        N/A       9%          3
 Hailstorm                Conj/Ice       34%        3d9       9%          4
 Alistair's Intoxication  Tmut/Pois      31%        N/A       9%          5
 Call Canine Familiar     Summ           11%        N/A       16%         3
 Conjure Flame            Conj/Fire      11%        6-21      16%         3
 Stone Arrow              Conj/Erth      22%        3d8       16%         3
 Passage of Golubria      Tloc           N/A        N/A       16%         4
 Manifold Assault         Tloc           26%        N/A       41%         5
 Discord                  Hex            36%        N/A       63%         8
 Simulacrum               Ice/Necr       17%        N/A       77%         6
 Agony                    Necr           11%        N/A       82%         5
 Bolt of Magma            Conj/Fire/Erth 5%         4d5       82%         5
 Storm Form               Tmut/Air       18%        N/A       99%         7
 Iron Shot                Conj/Erth      5%         9d2       100%        6
 Summon Hydra             Summ           5%         N/A       100%        7
 Lehudib's Crystal Spear  Conj/Erth      5%         10d3      100%        8
 Necromutation            Tmut/Necr      18%        N/A       100%        8
 Death's Door             Necr           5%         N/A       100%        9
 Polar Vortex             Ice            27%        N/A       100%        9
 Shatter                  Erth           5%         3d8*      100%        9
 Animate Armour           Summ/Erth      Unusable   N/A       N/A         4

Dungeon Overview and Level Annotations

Branches:
Dungeon (15/15)            Temple (1/1) D:7            Lair (6/6) D:8
 Shoals (4/4) Lair:3       Spider (4/4) Lair:3        Slime (0/5) Lair:6
    Orc (2/2) D:9             Elf (0/3) Orc:2        Vaults (0/5) D:13
 Depths (0/5) D:15         Bailey (visited)           IceCv (visited)
Volcano (visited)

Altars:
Ashenzari
Cheibriados
Dithmenos
Elyvilon
Fedhas
Gozag
Hepliaklqana
Kikubaaqudgha
Makhleb
Nemelex Xobeh
Okawaru
Qazlal
Ru
Sif Muna
Trog
Uskayaw
Vehumet
Wu Jian
Xom
Yredelemnul
Zin
The Shining One
Beogh
Jiyva

Shops:
D:2 ?   D:4 (   D:5 [   Orc:2 =?![

Annotations:
D:15 2 transporters, Ociqoiba's ghost, journeyman NaHu
Lair:1 exclusion: 4 oklob plants
Lair:6 exclusion: death yak
Shoals:1 exclusions: centaur and merfolk avatar
Shoals:2 1 runed translucent door, Epa Quop's ghost, veteran DjIE
Shoals:4 exclusions: merfolk and merfolk avatar
Spider:2 exclusion: 2 upstairs
Spider:3 Arachne; Roxanne
Spider:4 exclusion: 2 doors


Innate Abilities, Weirdness & Mutations

You are a creature of crystalline ice.
You have a powerful freezing melee attack.
You are amphibious.
Your maximum health is increased.
((You have sharp claws.))
((You have razor-sharp teeth.))
You have supernaturally acute eyesight. (SInv)
((You cover ground quickly. (Speed+)))
((Your thick and shaggy fur keeps you warm. (AC +3, rC+)))
((Your paws help you pounce on unaware monsters.))
You are incapable of wielding weapons or throwing items.
You cannot wear armour.
You gain extra lives every three experience levels.
((You have a pair of small antennae on your head.))
You tend to lose your temper in combat.
You expend magic power (3 MP) to strengthen your wands.


Message History

Aiming: Ensorcelled Hibernation (safe; 1% risk of failure)
Press: ? - help, Shift-Dir - straight line, f - water nymph
Aim: a water nymph (chance to affect: 11%)
Okay, then.
The water nymph misses you.
You claw the water nymph!
The water nymph is moderately wounded.
The water nymph touches you. The water nymph drowns you!
Casting: Ensorcelled Hibernation (safe; 1% risk of failure)
Confirm with . or Enter, or press ? or * to list all spells.
A film of ice covers your body! The water nymph touches you!
The water nymph drowns you!
Casting: Ozocubu's Armour (safe; 1% risk of failure)
Confirm with . or Enter, or press ? or * to list all spells.
You turn into a creature of crystalline ice.
The water nymph casts a spell at you. The water rises up and strikes you!
You pummel the water nymph!! You freeze the water nymph.
The water nymph is almost dead.
The water nymph touches you.
You punch the water nymph! You freeze the water nymph.
You kill the water nymph!
You start resting.
Magic restored.
You start resting.
Your icy armour starts to melt.
You start resting.
Your icy armour evaporates.
You start resting.
A merfolk javelineer comes into view. It is wielding a +0 vorpal spear.
The merfolk javelineer shouts!
The merfolk javelineer throws a javelin.
The javelin pierces through you!
The merfolk javelineer throws a javelin.
The javelin pierces through you!
* * * LOW HITPOINT WARNING * * *
The merfolk javelineer throws a javelin.
The javelin pierces through you!!
You die...
Your body glows with a rainbow of weird colours and disappears.

≈≈≈≈≈≈≈≈≈≈≈≈≈≈≈≈≈≈≈≈≈≈≈≈≈≈≈≈≈≈≈≈≈
≈≈≈≈≈≈≈≈≈≈≈≈≈≈≈≈≈≈≈≈≈≈≈≈≈≈≈≈≈≈≈≈≈
≈≈≈≈≈≈≈≈≈≈≈≈≈≈≈≈≈≈≈≈≈≈≈≈≈≈≈≈≈≈≈≈≈
≈≈≈≈≈≈≈≈≈≈≈≈≈≈≈≈≈≈≈≈≈≈≈≈≈≈≈≈≈≈≈≈≈
≈≈≈≈≈≈≈≈≈≈≈≈≈≈≈≈≈≈≈≈≈≈≈≈≈≈≈≈≈≈≈≈≈
≈≈≈≈≈≈≈≈≈≈≈≈≈≈≈≈≈≈≈≈≈≈≈≈≈≈≈≈≈≈≈≈≈
≈≈≈≈≈≈≈≈≈≈≈≈≈≈≈≈≈≈≈≈≈≈≈≈≈≈≈≈≈≈≈≈≈
≈≈≈≈≈≈≈≈≈≈≈≈≈≈≈≈≈≈≈≈≈≈≈≈≈≈≈≈≈≈≈≈≈
≈≈≈≈≈≈≈≈≈≈≈≈≈≈≈≈≈≈≈≈≈≈≈≈≈≈≈≈≈≈≈≈≈
....≈≈≈≈≈≈≈≈≈≈≈≈≈≈≈≈≈≈≈≈≈≈≈≈≈≈≈≈≈
.....≈≈≈≈≈≈≈≈≈≈≈Y≈≈≈≈≈†≈≈≈≈≈≈≈≈≈≈
......≈≈≈≈≈≈≈≈≈≈≈≈≈≈≈≈≈≈≈≈≈≈≈≈≈≈≈
≈.(...≈≈≈≈≈≈≈≈≈≈≈≈≈≈≈≈≈≈≈≈≈≈≈≈≈≈*
#.....≈≈≈≈≈≈≈≈≈≈.....≈≈≈≈≈≈≈.,≈**
##≈≈....≈≈≈≈≈≈≈.####.≈≈≈≈≈≈≈.,**,
,##≈.....≈≈≈≈≈.## *##≈≈≈≈≈≈≈.**,,
≈*#≈.......≈≈≈≈.# #.≈≈≈m≈≈≈≈≈**,,
,*#.....(.......###.≈≈≈≈≈≈≈≈≈≈*,≈
,*#................≈≈≈≈m≈≈≈≈≈#**,
,#≈.........≈≈......≈≈≈≈≈≈...#*,,
*##..........†.....≈≈≈≈≈≈≈...##*,


You could see a merfolk javelineer.

Vanquished Creatures
  Rupert (D:13)
  An Ice Fiend (IceCv)
  A kraken (Shoals:2)
  Kirke (Spider:4)
  2 ghost moths
  2 emperor scorpions
  Louise (D:14)
  Azrael (Spider:3)
  A red draconian (Volcano)
  3 entropy weavers
  A merfolk impaler (Shoals:2)
  A great orb of eyes (Lair:6)
  6 hydras
  An ogre mage (Orc:2)
  3 ice dragons
  4 centaur warriors
  A catoblepas (Lair:6)
  4 caustic shrike simulacra (IceCv)
  2 alligator snapping turtles
  Erolcha (Orc:2)
  4 merfolk avatars
  A boulder beetle (D:15)
  6 death yaks
  A merfolk aquamancer (Shoals:4)
  A tengu warrior (D:13)
  Nergalle (Orc:2)
  Sonja (Lair:3)
  5 sea snakes
  A skeletal warrior (D:15)
  2 obsidian statues (IceCv)
  2 bog bodies (IceCv)
  A lindwurm (Lair:6)
  4 orc knights
  A phantasmal warrior (D:15)
  12 harpies
  A wolf spider (shapeshifter) (D:15)
  15 orb spiders
  2 deep elf pyromancers
  A shining eye (Shoals:3)
  2 cyclopes
  8 orc sorcerers (Orc:2)
  17 wolf spiders
  12 ugly things
  8 manticores
  2 moths of wrath
  A merfolk siren (Shoals:2)
  15 elephants
  A gargoyle (Volcano)
  4 torpor snails
  4 water nymphs
  4 black mambas
  A molten gargoyle (Volcano)
  15 cane toads
  5 rime drakes
  2 efreet
  3 freezing wraiths
  A komodo dragon (shapeshifter) (D:14)
  12 komodo dragons
  3 unseen horrors
  6 yaktaurs
  A tengu conjurer (D:13)
  14 demonic crawlers
  4 golden dragon simulacra (IceCv)
  21 jumping spiders
  6 merfolk
  A troll (shapeshifter) (D:14)
  5 wind drakes
  Grinder (D:5)
  7 blink frogs
  5 hornets
  A jumping spider (shapeshifter) (D:15)
  2 polar bears
  13 slime creatures
  6 trolls
  5 snapping turtles
  8 dream sheep
  A centaur simulacrum (D:15)
  6 water elementals
  2 vampires
  63 redbacks
  3 shadows
  Eustachio (D:5)
  2 fire elementals (Spider:3)
  13 humans (D:13)
  3 wraiths
  22 tarantellas
  9 basilisks
  A fire bat (Volcano)
  41 yaks
  5 wyverns
  9 wargs
  A redback simulacrum (D:15)
  A harpy simulacrum (IceCv)
  16 water moccasins
  2 hell hounds (Spider:3)
  A hydra simulacrum (IceCv)
  Duvessa (D:4)
  4 ice beasts
  8 orc warriors
  5 black bears
  2 ettin simulacra (IceCv)
  12 ogres
  13 wolves
  A phantom (D:6)
  3 centaurs
  2 kobold brigands
  2 gnoll sergeants
  12 bullfrogs
  A scorpion (D:5)
  Dowan (D:4)
  A killer bee (Volcano)
  18 wights
  5 howler monkeys (D:7)
  4 electric eels
  2 centaur zombies
  3 hounds
  5 lava snakes (Volcano)
  2 bullfrog zombies
  2 jellies
  9 orc priests
  A gnoll shaman (D:9)
  Natasha (thrice) (D:4)
  4 hell rats (Lair:4)
  3 iguanas
  37 orc wizards
  Robin (D:3)
  14 gnolls
  A howler monkey skeleton (D:7)
  3 adders
  2 shadow imps
  An ufetubus (D:6)
  An adder zombie (D:4)
  An adder skeleton (D:4)
  A worm (D:4)
  2 dart slugs
  55 orcs
  5 ball pythons
  10 endoplasms
  4 giant cockroaches
  17 goblins
  7 hobgoblins
  2 jackals (D:1)
  2 quokkas
  9 bats
  A frilled lizard (D:2)
  3 kobolds
  7 rats
  A butterfly (Lair:5)
844 creatures vanquished.

Vanquished Creatures (collateral kills)
  Ilsuiw (Shoals:3)
  A quicksilver ooze (Lair:3)
  A dire elephant (Shoals:2)
  2 merfolk impalers
  A boulder beetle (D:14)
  A death knight (D:15)
  2 death yaks (Lair:2)
  A tengu warrior (D:13)
  2 skeletal warriors (D:15)
  2 orc knights (D:15)
  An ugly thing (D:15)
  An orc sorcerer (Orc:2)
  5 merfolk sirens
  An ice devil (IceCv)
  3 freezing wraiths
  2 yaktaurs
  2 merfolk (Shoals:3)
  A dire elephant simulacrum (IceCv)
  3 humans (D:13)
  A minotaur simulacrum (IceCv)
  A harpy simulacrum (IceCv)
  4 orc warriors
  3 ogres
  2 centaurs
  A gnoll sergeant (Orc:1)
  A wight (D:9)
  2 orc priests (Orc:2)
  An orc wizard (D:12)
  3 gnolls
  2 orcs (Orc:2)
54 creatures vanquished.

Vanquished Creatures (others)
  An orb spider (Spider:4)
  Maggie (D:9)
  3 jumping spiders
  7 dancing weapons
  A human (Spider:4)
  A centaur (Volcano)
  A centaur zombie (D:9)
  64 fungi
  115 plants
  8 tentacles (Shoals:2)
  2 withered plants (Shoals:2)
204 creatures vanquished.

Grand Total: 1102 creatures vanquished

Notes
Turn   | Place    | Note
-------+----------+-------------------------------------------
     0 | D:1      | grimtooth the Felid Transmuter began the quest for the Orb.
     0 | D:1      | Reached XP level 1. HP: 9/9 MP: 4/4
   198 | D:1      | Reached XP level 2. HP: 10/12 MP: 4/6
   820 | D:1      | Found a faded altar of an unknown god.
  1291 | D:1      | Reached XP level 3. HP: 15/15 MP: 7/7
  1433 | D:2      | Found Ytsacaymp's Magic Scroll Shoppe.
  1460 | D:2      | Bought a scroll of teleportation for 33 gold pieces
  1460 | D:2      | Bought a scroll of identify for 22 gold pieces
  1561 | D:2      | Reached skill level 4 in Unarmed Combat
  3014 | D:3      | Reached XP level 4. HP: 17/19 MP: 6/8
  3812 | D:3      | Learned a level 3 spell: Spider Form
  3850 | D:4      | Found Adask's Weapon Emporium.
  4269 | D:4      | Noticed a black bear
  4291 | D:4      | Killed a black bear
  4292 | D:4      | Reached skill level 5 in Unarmed Combat
  4292 | D:4      | Reached XP level 5. HP: 14/22 MP: 5/9
  4490 | D:4      | Noticed Natasha
  4512 | D:4      | Killed Natasha
  4764 | D:4      | - uncool
  4764 | D:4      | Splashed by a jelly's acid
  4765 | D:4      | Reached XP level 4. HP: -2/16 MP: 0/8
  5069 | D:4      | Noticed Robin
  5503 | D:4      | Reached XP level 5. HP: 22/22 MP: 7/9
  5764 | D:4      | Reached skill level 5 in Transmutations
  5956 | D:3      | Killed Robin
  6122 | D:4      | Reached skill level 6 in Unarmed Combat
  6122 | D:4      | Gained mutation: You are covered in thick fur. (AC +2)
                  | [Felid growth]
  6122 | D:4      | Reached XP level 6. HP: 21/25 MP: 6/10
  6249 | D:4      | Noticed Natasha
  6259 | D:4      | Killed Natasha
  6290 | D:4      | Noticed Natasha
  6451 | D:4      | Killed Natasha
  6452 | D:4      | Reached skill level 1 in Poison Magic
  6645 | D:4      | Noticed Duvessa
  6645 | D:4      | Noticed Dowan
  7060 | D:2      | Got Daqiacob's Catalogue of Stolen Souls
  7772 | D:4      | Reached XP level 7. HP: 25/28 MP: 9/11
  8058 | D:4      | Reached skill level 1 in Stealth
  8147 | D:5      | Entered Level 5 of the Dungeon
  8205 | D:2      | Bought a scroll of identify for 22 gold pieces
  8205 | D:2      | Bought a scroll of identify for 22 gold pieces
  8205 | D:2      | Bought a scroll of fear for 38 gold pieces
  8205 | D:2      | Bought a scroll of blinking for 82 gold pieces
  8226 | D:5      | Noticed Grinder
  8237 | D:5      | Noticed Eustachio
  8429 | D:5      | Killed Eustachio
  8430 | D:5      | Reached skill level 5 in Dodging
  8621 | D:5      | Found Koseke's Antique Armour Shop.
  8898 | D:5      | Reached XP level 8. HP: 20/32 MP: 7/12
  9223 | D:5      | Reached skill level 5 in Stealth
 10203 | D:6      | Found a sacrificial altar of Ru.
 10687 | D:6      | Reached skill level 7 in Unarmed Combat
 11008 | D:7      | Found a flagged portal.
 11015 | Bailey   | Entered a bailey
 11412 | D:7      | Noticed a komodo dragon
 11518 | D:7      | Found a staircase to the Ecumenical Temple.
 11527 | Temple   | Entered the Ecumenical Temple
 11638 | Temple   | Became a worshipper of Nemelex Xobeh the Trickster
 11858 | D:7      | Reached XP level 9. HP: 20/35 MP: 8/13
 12034 | D:7      | Learned a level 4 spell: Ice Form
 12306 | D:7      | Killed a komodo dragon
 12307 | D:7      | Reached skill level 8 in Unarmed Combat
 12371 | D:7      | Reached skill level 1 in Ice Magic
 13062 | D:8      | Found a staircase to the Lair.
 14149 | D:8      | Reached XP level 10. HP: 39/39 MP: 10/15
 14183 | D:8      | Reached skill level 9 in Unarmed Combat
 14406 | D:8      | Reached skill level 5 in Ice Magic
 14806 | D:8      | Found the +5 robe of Night {Dark Will+ SInv}
 14984 | D:8      | Learned a level 3 spell: Tukima's Dance
 15531 | D:5      | Killed Grinder
 16166 | D:4      | Found Adask's Weapon Emporium.
 16234 | D:4      | Killed Dowan
 16235 | D:4      | Killed Duvessa
 16550 | D:9      | Killed Maggie
 16815 | D:9      | Paralysed by a hornet for 2 turns
 17006 | D:9      | Reached * piety under Nemelex Xobeh
 17027 | D:9      | Reached skill level 5 in Hexes
 17748 | D:9      | Found a staircase to the Orcish Mines.
 17901 | D:10     | Entered Level 10 of the Dungeon
 18195 | D:10     | Received a gift from Nemelex Xobeh
 18387 | D:10     | Noticed a brown ugly thing
 18397 | D:10     | Killed a brown ugly thing
 18804 | D:11     | Received a gift from Nemelex Xobeh
 18813 | D:11     | Noticed a manticore
 18819 | D:11     | Killed a manticore
 18820 | D:11     | Reached skill level 5 in Fighting
 18820 | D:11     | Reached XP level 11. HP: 48/48 MP: 16/16
 18922 | D:11     | Noticed a boulder beetle
 19054 | D:11     | Reached ** piety under Nemelex Xobeh
 19133 | D:11     | Received a gift from Nemelex Xobeh
 19530 | D:12     | Reached skill level 1 in Invocations
 19881 | D:12     | Noticed a green ugly thing
 19994 | D:12     | Identified the +1 buckler of Resonance {+Inv rPois Int+2}
 20257 | D:12     | Noticed a brown ugly thing
 20277 | D:12     | Killed a brown ugly thing
 20572 | D:12     | Killed a green ugly thing
 20720 | Lair:1   | Entered Level 1 of the Lair of Beasts
 20875 | Lair:1   | Noticed a six-headed hydra
 21019 | Lair:1   | Noticed an oklob plant
 21019 | Lair:1   | Noticed an oklob plant
 21681 | Lair:2   | Noticed an eight-headed hydra
 21681 | Lair:2   | Reached *** piety under Nemelex Xobeh
 21867 | Lair:2   | Received a gift from Nemelex Xobeh
 21954 | Lair:2   | Noticed a death yak
 21956 | Lair:2   | Noticed a death yak
 21989 | Lair:2   | Noticed a seven-headed hydra
 22057 | Lair:2   | Reached skill level 5 in Invocations
 22332 | Lair:2   | Killed an eight-headed hydra
 22349 | Lair:2   | Reached skill level 10 in Unarmed Combat
 22382 | Lair:2   | Killed a seven-headed hydra
 22443 | Lair:2   | Gained mutation: Your thick and shaggy fur keeps you warm.
                  | (AC +3, rC+) [Felid growth]
 22443 | Lair:2   | Reached XP level 12. HP: 30/52 MP: 10/17
 22494 | Lair:2   | Received a gift from Nemelex Xobeh
 22504 | Lair:2   | Got the Tome of Frigorific Beguiling
 23264 | Lair:1   | Reached skill level 11 in Unarmed Combat
 23304 | Lair:2   | Reached **** piety under Nemelex Xobeh
 23652 | Lair:2   | Noticed a four-headed hydra
 23718 | Lair:2   | Noticed a death yak
 23764 | Lair:2   | Killed a death yak
 23772 | Lair:2   | Killed a death yak
 23780 | Lair:2   | Killed a death yak
 24606 | Lair:3   | Reached skill level 12 in Unarmed Combat
 24644 | Lair:3   | Learned a level 3 spell: Frozen Ramparts
 24807 | Lair:3   | Noticed a death yak
 24873 | Lair:3   | Noticed a death yak
 24918 | Lair:3   | Received a gift from Nemelex Xobeh
 24919 | Lair:3   | Noticed Sonja
 24925 | Lair:3   | Killed Sonja
 25458 | Lair:3   | Received a gift from Nemelex Xobeh
 25781 | Lair:3   | Killed a death yak
 25845 | Lair:3   | Noticed a quicksilver ooze
 25845 | Lair:3   | a death yak changed into a quicksilver ooze
 25849 | Lair:3   | Killed a quicksilver ooze
 25932 | Lair:3   | Noticed a death yak
 26094 | Lair:3   | Found a staircase to the Shoals.
 26379 | Lair:3   | Noticed a death yak
 26611 | Lair:3   | Killed a death yak
 26834 | Lair:3   | Found a hole to the Spider Nest.
 26938 | Lair:4   | Learned a level 2 spell: Ensorcelled Hibernation
 27282 | Lair:4   | Reached ***** piety under Nemelex Xobeh
 27491 | Lair:4   | Noticed a four-headed hydra
 27498 | Lair:4   | Received a gift from Nemelex Xobeh
 27553 | Lair:4   | Killed a four-headed hydra
 27554 | Lair:4   | Reached XP level 13. HP: 55/55 MP: 12/20
 28856 | Lair:5   | Received a gift from Nemelex Xobeh
 28999 | Lair:5   | Found a dark tunnel.
 29040 | Volcano  | Entered a volcano
 29686 | Volcano  | Found a burning altar of Makhleb.
 29881 | Volcano  | Noticed a red draconian
 29892 | Volcano  | Killed a red draconian
 30846 | Lair:5   | Noticed a quicksilver ooze
 30846 | Lair:5   | a death yak changed into a quicksilver ooze
 31029 | Lair:5   | a quicksilver ooze changed into a water nymph
 31214 | Lair:6   | Entered Level 6 of the Lair of Beasts
 31318 | Lair:6   | Received a gift from Nemelex Xobeh
 32023 | Lair:5   | Reached skill level 10 in Dodging
 33235 | Lair:6   | Found a staircase to the Slime Pits.
 33236 | Lair:6   | Found a viscous altar of Jiyva.
 33293 | Lair:6   | Received a gift from Nemelex Xobeh
 33720 | Lair:6   | Reached XP level 14. HP: 63/63 MP: 18/21
 33726 | Lair:6   | Learned a level 5 spell: Yara's Violent Unravelling
 35708 | D:2      | Bought a scroll of magic mapping for 38 gold pieces
 35708 | D:2      | Bought a scroll of blinking for 82 gold pieces
 35813 | Orc:1    | Entered Level 1 of the Orcish Mines
 36225 | Orc:2    | Entered Level 2 of the Orcish Mines
 36266 | Orc:2    | Received a gift from Nemelex Xobeh
 36311 | Orc:2    | Reached ****** piety under Nemelex Xobeh
 36357 | Orc:2    | Reached skill level 13 in Unarmed Combat
 36694 | Orc:1    | Found a bloodstained altar of Trog.
 36992 | Orc:1    | Received a gift from Nemelex Xobeh
 37690 | Orc:2    | Found a staircase to the Elven Halls.
 37799 | Orc:2    | Found Jyiqet's Distillery.
 37804 | Orc:2    | Bought a potion of heal wounds for 70 gold pieces
 37926 | Orc:2    | Received a gift from Nemelex Xobeh
 38072 | Orc:2    | Found Xuenauray's Distillery.
 38146 | Orc:2    | Found a radiant altar of Vehumet.
 38147 | Orc:2    | Noticed Erolcha
 38166 | Orc:2    | Found Numni's Jewellery Shop.
 38193 | Orc:2    | Found an ancient bone altar of Kikubaaqudgha.
 38194 | Orc:2    | Noticed Nergalle
 38548 | Orc:2    | Killed Nergalle
 38578 | Orc:2    | Found Vixzaisk's Magic Scroll Boutique.
 39244 | Orc:2    | Killed Erolcha
 39283 | Orc:2    | Reached skill level 10 in Hexes
 39386 | Orc:2    | Found Veuqaz's Antique Armour Shop.
 39458 | Orc:2    | Bought a scroll of identify for 30 gold pieces
 39458 | Orc:2    | Bought a scroll of identify for 30 gold pieces
 39458 | Orc:2    | Bought a scroll of fear for 52 gold pieces
 39520 | Orc:2    | Bought a potion of lignification for 42 gold pieces
 39520 | Orc:2    | Bought a potion of resistance for 140 gold pieces
 39520 | Orc:2    | Bought 2 potions of ambrosia for 224 gold pieces
 39520 | Orc:2    | Bought a potion of curing for 42 gold pieces
 39520 | Orc:2    | Bought a potion of lignification for 42 gold pieces
 39520 | Orc:2    | Bought a potion of lignification for 42 gold pieces
 39520 | Orc:2    | Bought a potion of resistance for 140 gold pieces
 40017 | D:13     | Received a gift from Nemelex Xobeh
 40167 | D:13     | Found a gate leading to a gauntlet.
 40171 | D:13     | Noticed Rupert
 40225 | D:13     | Killed Rupert
 40226 | D:13     | Reached skill level 14 in Unarmed Combat
 40543 | D:13     | Found a gate to the Vaults.
 41430 | D:13     | Received a gift from Nemelex Xobeh
 41528 | D:13     | Reached XP level 15. HP: 67/67 MP: 23/23
 41973 | D:14     | Reached skill level 5 in Spellcasting
 42044 | D:14     | Noticed Louise
 42114 | D:14     | Received a gift from Nemelex Xobeh
 42132 | D:14     | Identified the +0 pair of boots of Gaew {+Blink rPois rC-}
 42234 | D:14     | Found a frozen archway.
 42245 | D:14     | mimicked AGAIN
 42891 | D:14     | Identified the +3 executioner's axe "Sasomoc" {vorpal,
                  | rPois rCorr}
 43654 | D:14     | Killed Louise
 43790 | D:15     | Entered Level 15 of the Dungeon
 43805 | D:15     | Received a gift from Nemelex Xobeh
 44096 | D:15     | Reached skill level 10 in Invocations
 44130 | D:15     | Found an opulent altar of Gozag.
 44363 | D:15     | Received a gift from Nemelex Xobeh
 44408 | D:15     | Noticed Ociqoiba's ghost (journeyman NaHu)
 44411 | D:15     | Found a transporter.
 44519 | D:15     | Identified the +0 trident of the Ageless Beds {elec, rElec
                  | rC+ Dex+7}
 44811 | D:15     | Learned a level 3 spell: Ozocubu's Armour
 45043 | D:15     | Found a staircase to the Depths.
 45760 | D:15     | Found a transporter.
 45950 | D:15     | Received a gift from Nemelex Xobeh
 46074 | D:15     | Reached skill level 10 in Stealth
 46689 | Spider:1 | Entered Level 1 of the Spider Nest
 46689 | Spider:1 | Noticed a ghost moth
 47257 | Spider:1 | HP: 1/67 [jumping spider (4)]
 47257 | Spider:1 | Slain by a jumping spider
 47258 | Spider:1 | Reached XP level 14. HP: -4/64 MP: 24/24
 47682 | Spider:2 | Received a gift from Nemelex Xobeh
 47700 | Spider:2 | Noticed an emperor scorpion
 47809 | Spider:2 | Identified 2 scrolls of acquirement
 47862 | Spider:2 | Received a gift from Nemelex Xobeh
 48060 | Spider:2 | Killed an emperor scorpion
 48532 | Spider:2 | Reached XP level 15. HP: 55/67 MP: 16/25
 48890 | Spider:1 | Received a gift from Nemelex Xobeh
 49080 | Spider:3 | Found a frozen archway.
 49090 | IceCv    | Entered an ice cave
 49099 | IceCv    | Reached skill level 10 in Transmutations
 50138 | IceCv    | Noticed an Ice Fiend
 50141 | IceCv    | Killed an Ice Fiend
 50327 | Spider:3 | Received a gift from Nemelex Xobeh
 50359 | Spider:3 | Noticed a ghost moth
 50369 | Spider:3 | Killed a ghost moth
 50549 | Spider:3 | Noticed Azrael
 50573 | Spider:3 | Killed Azrael
 50946 | Spider:3 | Received a gift from Nemelex Xobeh
 51160 | Spider:3 | Identified Roxanne's Disquisition on Earth
 51160 | Spider:3 | Noticed Roxanne
 51254 | Spider:3 | - party tricks!
 51294 | Spider:3 | Reached skill level 15 in Unarmed Combat
 51399 | Spider:3 | Noticed Arachne
 51985 | Spider:4 | Entered Level 4 of the Spider Nest
 51992 | Spider:4 | Reached skill level 10 in Fighting
 52191 | Spider:3 | Learned a level 6 spell: Invisibility
 53502 | Spider:4 | Noticed Kirke
 53513 | Spider:4 | Killed Kirke
 53558 | Spider:4 | Received a gift from Nemelex Xobeh
 54189 | Spider:1 | - aaa these wide-open spider spaces
 54418 | Spider:1 | - this is getting far too close
 54419 | Spider:1 | HP: 3/82 [redback (7)]
 54816 | Spider:1 | Reached XP level 16. HP: 68/73 MP: 18/29
 54826 | Spider:1 | - oh this is bad
 54843 | Spider:1 | - is there a trick i'm missing here
 54846 | Spider:1 | Slain by a tarantella
 54847 | Spider:1 | Reached XP level 15. HP: 0/157 MP: 28/28
 54857 | Spider:1 | - so that sucked and I still have to get out of here
 54892 | Spider:1 | - motherfuuuj
 55009 | Spider:1 | Killed a ghost moth
 55508 | Spider:1 | - man this goddam level
 55549 | Shoals:1 | Entered Level 1 of the Shoals
 55590 | Shoals:1 | Received a gift from Nemelex Xobeh
 56446 | Shoals:2 | Found a runed translucent door.
 56448 | Shoals:2 | Noticed Epa Quop's ghost (veteran DjIE)
 56868 | Shoals:2 | Received a gift from Nemelex Xobeh
 57142 | Shoals:2 | - discord!
 57154 | Shoals:2 | Identified the +3 whip "Gunkete" {vorpal, Dex+7}
 57309 | Shoals:2 | Noticed a kraken
 57411 | Shoals:2 | Gained mutation: You are clumsy. (Dex -2) [mutagenic glow]
 57664 | Shoals:2 | - well this is dangerous
 57664 | Shoals:2 | - when !!!! is not enough
 57666 | Shoals:2 | - risky....
 58076 | Shoals:2 | Identified the +8 long sword of a sewer {vorpal, Str+4}
 58172 | Shoals:2 | Received a gift from Nemelex Xobeh
 58261 | Shoals:2 | Killed a kraken
 58657 | Shoals:2 | Learned a level 2 spell: Blink
 58782 | Shoals:3 | Noticed Ilsuiw
 58958 | Shoals:3 | - once again...
 59654 | Shoals:3 | Gained mutation: You are weak. (Str -2) [a shining eye]
 59655 | Shoals:3 | - this is great
 59657 | Shoals:3 | Gained mutation: You tend to lose your temper in combat. [a
                  | shining eye]
 59659 | Shoals:3 | Reached skill level 1 in Translocations
 59661 | Shoals:3 | - well it very nemelexian right
 59698 | Shoals:3 | - guess you all woke up
 59705 | Shoals:3 | - these are some dangerous friends
 59710 | Shoals:3 | - come on tormentor, torment them don't just slap them
                  | around
 59710 | Shoals:3 | - oh I hits me too I bet, but still... doit!
 59711 | Shoals:3 | Killed Ilsuiw
 59726 | Shoals:3 | - boy the friendly panlord stamps it, i'm doing the clever
                  | invis maneuvers
 59726 | Shoals:3 | - ...oh you destoyed them
 59750 | Shoals:3 | - ah but they never stick around
 60291 | Shoals:3 | Received a gift from Nemelex Xobeh
 60341 | Shoals:4 | Entered Level 4 of the Shoals
 60357 | Shoals:4 | Mangled by a merfolk aquamancer
 60358 | Shoals:4 | Reached XP level 14. HP: -10/67 MP: 27/27
 60359 | Shoals:4 | - that seemed brutal
 60377 | Shoals:4 | Lost mutation: You are weak. (Str -2) [potion of mutation]
 60377 | Shoals:4 | Lost mutation: You are clumsy. (Dex -2) [potion of
                  | mutation]
 60377 | Shoals:4 | Gained mutation: You expend magic power (3 MP) to
                  | strengthen your wands. [potion of mutation]
 60377 | Shoals:4 | Gained mutation: You have a pair of small antennae on your
                  | head. [potion of mutation]
 60381 | Shoals:4 | - I'm having a tough judge if thats better
 60415 | Shoals:4 | Received a gift from Nemelex Xobeh
 60785 | Shoals:4 | Hit by a javelin thrown by a merfolk javelineer

Illustrated notes ##.###.......#......# #.# #.###...#...#..##### #.###.#.....#...#....... #.##............#....... #.##.##.#............... #.##.##......z###....... #.##.####............... #.##.........<.#.......∩ ##.##.######....#........ #......##########........ #####..#@z.)............. #..#J#########....... #..#.# ......... #..#.# ########.# #..#.# #.# #..#.# # ###.# #.# #.. Turn 4764 on D:4: - uncool #.# #..# #.# #..### #.#####....# ####........#§# #....########.# #.##..# #.# #..[[.# #.# #....### #.# #...#..## #.# #..#..#.# #.######### ####.#Y.# #.......... ##.§.# ##########. ##### #. ### #. #.# #† #.# #. #.##### #. #.#...## #. #<.###.## #####. #.## ##.# #..... #.# #.# #.#### Turn 42245 on D:14: mimicked AGAIN ### ## ..### ## #. ...### .^# ##. ##....##.# .. #@....#..# # .# #.....^#.##.. ##. #^.........#####.. ####.............. ##............. #..###...##... ####.## ##.###... #.##..##.#####.##... #........^###.#..^. ..^##.......###..^.. #...####.^#..... Turn 51254 on Spider:3: - party tricks! ..........°..○°......# ..(........*○......### #......ss......## #......s.....### ##..^...#.#### ##.#.#.### ######.# #.# #.# #.## ##@# #.# ### Turn 54189 on Spider:1: - aaa these wide-open spider spaces .............[........... ..$.................°.### .....................# ..(......s..s......### #°.......s.....## #............### ##..^..s#.#### ##.#.#.### ######s# #†# #Y# #.## ##.# #.# ### Turn 54418 on Spider:1: - this is getting far too close ..........^..:........ ............^......... ...................... ...............^...... ......(............... ≈.....○...s........... ≈≈.##................. ## #.................. #.^ss..#....^...... ###s.≈≈#.....^..... #Ys.≈............. ###............... #≈≈≈≈≈........... #≈######..(...... ## #.###..... ### #..... ##..^. ##.#. #### Turn 54826 on Spider:1: - oh this is bad ..........^..:........ ............^......... ...................... ...............^...... ......(............... ≈..................... ≈≈.##................. ## #.................. #.^s...#....^...... ###ss≈≈#.....^..... #♣ss≈............. ###............... #≈≈≈≈≈........... #≈######..(...... ## #.###..... ### #..... ##..^. ##.#. #### Turn 54843 on Spider:1: - is there a trick i'm missing here ..... ...... ## .......########≈# $.......#..#.#≈≈# ..............@≈# ..............### ..............# ..............## ...(...........# ...........≈≈..# ..............^# ...............# ...............# ..............## ................. Turn 54857 on Spider:1: - so that sucked and I still have to get out of here . ## ..#.. ...... ...... ## .......########≈# $.......#..#Y#≈≈# ........†..†...≈# ...........*..### ...........s..# ..............## ...(...........# ...........≈≈..# ..............^# ...............# ...............# ..............## Turn 54892 on Spider:1: - motherfuuuj #####≈≈≈≈≈# ##### ###≈##≈.≈≈≈######.#≈## #≈≈..#.....≈≈≈≈#..#≈≈# ##≈..#....≈≈#......≈≈# ##........###.......# #..........#........## #..................≈## ##.....!............^# #####^.................# #≈≈#..[................# ###..##.<@...............# ##.....#...........>....... ##......#≈.................. #........≈≈................. #.....>..................... #........................... #................^........... ###...(.....^.................. ##........s..................... ##≈.?...........................( #≈............................... Turn 55508 on Spider:1: - man this goddam level ........# .#...^..# # ###..≈..# .## # ##....## #.......... ## ##)...####.........## .## ##....#...≈≈.≈≈≈...# ..########..≈≈.≈≈≈≈≈≈.≈..≈ ≈....# #≈.≈≈≈≈≈≈≈≈≈≈.≈≈≈ ≈≈...## #.≈≈≈≈≈≈≈≈≈≈≈≈≈≈≈ ≈≈≈...####.≈≈≈≈≈≈≈≈≈≈≈≈≈≈≈ ≈≈≈....#.....≈≈≈@.≈≈≈≈≈≈≈≈ ≈≈≈...........≈≈†...≈≈≈≈≈≈ ≈≈≈≈.......#.....≈..≈≈...≈ .≈≈≈≈≈....##....)..†.≈≈.≈≈ ...≈≈≈≈≈............≈≈≈≈≈≈ .....≈≈............≈≈≈≈≈≈≈ ......≈.......≈≈≈.≈≈≈≈≈≈≈≈ .###.....≈.....≈≈≈≈≈≈≈≈≈≈≈ ##?..≈≈......≈≈≈≈≈≈≈≈≈≈ ..≈≈........≈..≈≈≈≈≈≈≈ ≈)....≈≈......≈≈≈≈≈≈ Turn 57142 on Shoals:2: - discord! ≈≈≈≈≈≈≈..####...###..≈≈≈≈≈≈≈≈≈≈ ≈≈.≈≈≈≈≈............≈≈≈≈≈≈≈... ≈..≈≈.≈≈............≈≈≈≈≈≈. ..≈≈.....≈.........≈≈≈≈≈≈.. P######............≈≈≈≈≈≈.) ##..(.≈.##.......≈≈≈≈.. ##.......######....≈≈≈≈≈ #^...#####..# ##...≈≈≈≈≈ .###..).####...# #...≈≈≈≈≈ ......)..#.....####...≈≈≈≈≈ ≈..........)..÷t@.....≈≈≈≈≈ ≈≈≈≈.....)..≈.......≈≈≈≈≈≈≈ ≈≈≈≈...≈≈...≈≈≈≈≈≈≈≈≈≈≈≈≈≈≈ ≈≈≈≈≈≈≈≈≈..≈≈.≈≈≈≈≈≈≈≈≈≈≈≈≈ ≈≈≈≈≈≈≈≈≈≈≈≈..≈≈≈≈≈≈≈≈≈≈≈≈≈ ≈≈≈≈≈≈≈≈≈≈≈≈≈≈≈≈≈≈≈≈≈≈≈≈≈≈≈ ≈≈≈≈≈≈≈≈≈≈≈≈≈≈≈≈≈≈≈≈≈≈≈≈≈≈≈ ≈≈≈≈≈≈≈≈≈≈≈≈≈≈≈≈≈≈≈≈≈≈≈≈≈≈ ≈≈≈≈≈≈≈≈≈≈≈≈≈≈≈≈ ≈≈≈≈≈≈≈≈≈≈≈≈≈≈≈ Turn 57664 on Shoals:2: - well this is dangerous ≈≈≈≈≈≈≈..####...###..≈≈≈≈≈≈≈≈≈≈ ≈≈.≈≈≈≈≈............≈≈≈≈≈≈≈... ≈..≈≈.≈≈............≈≈≈≈≈≈. ..≈≈.....≈.........≈≈≈≈≈≈.. P######............≈≈≈≈≈≈.) ##..(.≈.##.......≈≈≈≈.. ##.......######....≈≈≈≈≈ #^...#####..# ##...≈≈≈≈≈ .###..).####...# #...≈≈≈≈≈ ......)..#.....####...≈≈≈≈≈ ≈..........)..÷.@.....≈≈≈≈≈ ≈≈≈≈.....)..≈.......≈≈≈≈≈≈≈ ≈≈≈≈...≈≈...≈≈≈≈≈≈≈≈≈≈≈≈≈≈≈ ≈≈≈≈≈≈≈≈≈..≈≈.≈≈≈≈≈≈≈≈≈≈≈≈≈ ≈≈≈≈≈≈≈≈≈≈≈≈..≈≈≈≈≈≈≈≈≈≈≈≈≈ ≈≈≈≈≈≈≈≈≈≈≈≈≈≈≈≈≈≈≈≈≈≈≈≈≈≈≈ ≈≈≈≈≈≈≈≈≈≈≈≈≈≈≈≈≈≈≈≈≈≈≈≈≈≈≈ ≈≈≈≈≈≈≈≈≈≈≈≈≈≈≈≈≈≈≈≈≈≈≈≈≈≈ ≈≈≈≈≈≈≈≈≈≈≈≈≈≈≈≈ ≈≈≈≈≈≈≈≈≈≈≈≈≈≈≈ Turn 57666 on Shoals:2: - risky.... ....≈≈... ..≈≈≈≈ ≈≈......# ..≈≈≈≈ ≈≈≈....## .≈≈≈≈≈ ≈.≈≈≈≈.####.≈≈≈≈≈ ≈≈≈≈ ..≈≈≈≈..##..≈≈≈≈≈ ≈≈≈≈ ###.....(.....≈.≈ ≈≈≈≈≈ # ##.......^.... ≈≈≈≈≈ # #..≈≈≈.# .≈≈≈≈≈ #####..≈≈..# #.≈≈≈≈≈ ≈.....≈≈≈.<#########..≈≈≈≈≈ ≈≈...≈≈≈≈.......@t....≈≈≈≈≈ ≈≈≈≈≈≈≈≈≈≈≈..........≈≈≈≈≈≈ ≈≈≈≈≈≈≈≈≈≈≈≈≈≈≈≈≈≈≈≈≈≈≈≈≈≈≈ ≈≈≈≈≈≈≈≈≈≈≈≈≈≈≈≈≈≈≈≈≈≈≈≈≈≈≈ ≈≈≈≈≈≈≈≈≈≈≈≈≈≈≈≈≈≈≈≈≈≈≈≈≈≈≈ ≈≈≈≈≈≈≈≈≈≈≈≈≈≈≈≈≈≈≈≈≈≈≈≈≈≈≈ ≈≈≈≈≈≈≈≈≈≈≈≈≈≈≈≈≈≈≈≈≈≈≈≈≈≈≈ ≈≈≈≈≈≈≈≈≈≈≈≈≈≈≈≈≈≈≈≈≈≈≈ Turn 58958 on Shoals:3: - once again... ..## #.≈.≈≈≈.≈≈≈....≈......## #. ...# ##....≈≈≈≈≈≈≈......≈≈≈.####. ...###...≈..≈≈≈≈≈≈≈.....≈≈≈..##.. ..t....≈≈≈≈≈.≈≈≈≈≈≈..###.....(... ...≈≈≈≈≈≈≈.....≈≈≈≈..# ###....... ≈≈≈≈≈≈≈....###..≈≈≈..# #..≈≈≈.# .≈≈≈≈≈≈....# ###≈≈≈≈.#####.≈≈≈≈.# .≈.≈≈≈≈....# #.≈≈≈≈≈.....≈≈≈.<# ≈≈≈≈..###..#####.≈≈≈≈≈≈...≈≈≈≈... ≈≈≈≈..# ##..G....≈≈≈≈≈≈≈≈≈≈≈≈≈≈.. ≈≈≈≈..###.≈≈≈..≈@≈≈≈≈≈≈≈≈≈≈≈≈≈≈≈≈ ≈≈≈≈≈.....≈≈≈≈≈≈≈≈≈≈≈≈≈≈≈≈≈≈≈≈≈≈≈ ≈≈≈≈≈≈.(.≈≈≈≈≈≈≈≈≈≈≈≈≈≈≈≈≈≈≈≈≈≈≈≈ ≈≈≈≈≈≈≈≈≈≈≈≈≈≈≈≈≈≈≈≈≈≈≈≈≈≈≈≈≈≈≈≈≈ ≈≈≈≈≈≈≈≈≈≈≈≈≈≈≈≈≈≈≈≈≈≈≈≈≈≈≈≈≈≈≈≈≈ ≈≈≈≈≈≈≈≈≈≈≈≈≈≈≈≈≈≈≈≈≈≈≈≈≈≈≈≈≈≈≈≈≈ ≈≈≈≈≈≈≈≈≈≈≈≈≈≈≈≈≈≈≈≈≈≈≈≈≈ ≈≈≈≈≈≈≈≈≈≈≈≈≈≈≈≈≈≈≈≈≈≈≈≈≈ ≈≈≈≈≈≈≈≈≈≈≈≈≈≈≈≈≈≈≈≈≈≈≈≈≈ ≈≈≈≈≈≈≈≈≈≈≈≈≈≈≈ Turn 59655 on Shoals:3: - this is great ≈.. #>..≈≈≈≈≈...≈≈≈........### ≈..## #.≈.≈≈≈.≈≈≈....≈......## # ....# ##....≈≈≈≈≈≈≈......≈≈≈.#### ....###...≈..≈≈≈≈≈≈≈≈....≈≈≈..##. ≈..t....≈≈≈≈≈.≈≈≈≈≈≈..###.....(.. ....≈≈≈≈≈≈≈.....≈≈≈≈..# ###...... .≈≈≈≈≈≈≈....###..≈≈≈..# #..≈≈≈. ..≈≈≈≈≈≈....# ###≈≈≈≈.#####.≈≈≈≈. ..≈.≈≈≈≈....# #.≈≈≈≈≈.....≈≈≈.< ≈≈≈≈≈..###..#####.≈≈≈≈≈≈...≈≈≈≈.. ≈≈≈≈≈..# ##.....@≈≈≈≈≈≈≈≈≈≈≈≈≈≈≈. ≈≈≈≈≈..###.≈≈≈.≈≈≈≈≈≈≈≈≈≈≈≈≈≈≈≈≈≈ ≈≈≈≈≈≈.....≈≈≈≈≈≈≈≈≈≈≈≈≈≈≈≈≈≈≈≈≈≈ ≈≈≈≈≈≈≈.(≈≈≈≈≈≈≈≈≈≈≈≈≈≈≈≈≈≈≈≈≈≈≈≈ ≈≈≈≈≈≈≈≈≈≈≈≈≈≈≈≈≈≈≈≈≈≈≈≈≈≈≈≈≈≈≈≈≈ ≈≈≈≈≈≈≈≈≈≈≈≈≈≈≈≈≈≈≈≈≈≈≈≈≈≈≈≈≈≈≈≈≈ ≈≈≈≈≈≈≈≈≈≈≈≈t≈≈≈≈≈≈≈≈≈≈≈≈≈≈≈≈≈≈≈≈ ≈≈≈≈≈≈≈≈≈≈≈≈≈≈≈≈≈≈≈≈≈≈≈≈≈≈ ≈≈≈≈≈≈≈≈≈≈≈≈≈≈≈≈≈≈≈≈≈≈≈≈≈≈ ≈≈≈≈≈≈≈≈≈≈≈≈≈≈≈≈≈≈≈≈≈≈≈≈≈≈ ≈≈≈≈≈≈≈≈≈≈≈≈≈≈≈ Turn 59661 on Shoals:3: - well it very nemelexian right ..≈≈≈.. #>..≈≈≈≈≈...≈≈≈....... ..≈≈≈..## #.≈.≈≈≈≈≈≈≈...≈≈≈..... ...≈....# ##....≈≈≈≈≈≈≈.....≈≈≈≈. .#......###...≈..≈≈≈≈≈≈≈.....≈≈≈. ...≈≈..t...≈≈≈≈≈≈.≈≈≈≈≈≈.m###.... ##.....≈≈≈≈≈≈≈≈...≈≈≈≈≈..# ###.. ..#..≈≈≈≈≈≈≈≈...###..≈≈≈..# #.. ......≈≈≈≈≈≈....# ###≈≈≈≈.#####.≈ ......≈.≈≈≈≈....# #.≈≈≈≈......≈ ..≈≈≈≈≈≈≈..###..#####..≈≈≈≈≈...≈≈ ≈≈≈≈≈≈≈≈≈..# ##.@.....≈.≈≈≈≈≈≈≈≈≈ ≈≈≈≈≈≈≈≈≈..###.≈≈...≈≈≈≈≈≈≈≈≈≈≈≈≈ ≈≈≈≈≈≈≈≈≈≈.....≈≈≈≈†≈≈≈≈≈≈≈≈≈≈≈≈≈ ≈≈≈≈≈≈≈≈≈≈≈≈(.≈≈≈≈≈≈≈≈≈≈≈≈≈≈≈≈≈≈≈ ≈≈≈≈≈≈≈≈≈≈≈≈≈≈≈≈≈≈≈≈≈≈≈≈≈≈≈≈≈≈≈≈≈ ≈≈≈≈≈≈≈≈≈≈≈≈≈≈≈≈≈≈≈≈≈≈≈≈≈≈≈≈≈≈≈≈≈ ≈≈≈≈≈≈≈≈≈≈≈≈≈≈≈≈≈≈≈≈≈≈≈≈≈≈≈≈≈≈≈ ≈≈≈≈≈≈≈≈≈≈≈≈≈≈≈≈≈≈≈≈≈≈≈≈≈≈≈ ≈≈≈≈≈≈≈≈≈≈≈≈≈≈≈≈≈≈≈≈≈≈≈≈≈≈≈ ≈≈≈≈≈≈≈≈≈≈≈≈≈≈≈≈≈≈≈≈≈≈≈≈≈≈ ≈≈≈≈≈≈≈≈≈≈≈≈≈≈≈ Turn 59698 on Shoals:3: - guess you all woke up .≈≈≈.. #>..≈≈≈≈≈...≈≈≈........ .≈≈≈..## #.≈.≈≈≈≈≈≈≈...≈≈≈.....# ..≈....# ##....≈≈≈≈≈≈≈.....≈≈≈≈.# #......###...≈..≈≈≈≈≈≈≈.....≈≈≈.. ..≈≈..t....≈≈≈≈≈.≈≈≈≈≈≈.m###..... ##.....≈≈≈≈≈≈≈....≈≈≈≈≈..# ###... .#..≈≈≈≈≈≈≈....###..≈≈≈..# #..≈ .....≈≈≈≈≈≈....# ###≈≈≈m.#####.≈≈ .....≈.≈≈≈≈....# #.≈≈≈≈......≈≈ .≈≈≈≈≈≈≈..###..#####..m≈≈≈≈...≈≈≈ ≈≈≈≈≈≈≈≈..# ##..@.....m≈≈≈≈≈≈≈≈≈≈ ≈≈≈≈≈≈≈≈..###..≈.&2.≈≈≈≈≈≈≈≈≈≈≈≈≈ ≈≈≈≈≈≈≈≈≈.....≈≈≈.†m≈≈≈≈≈≈≈≈≈≈≈≈≈ ≈≈≈≈≈≈≈≈≈≈.(.≈≈≈≈≈≈≈≈≈≈≈≈≈≈≈≈≈≈≈≈ ≈≈≈≈≈≈≈≈≈≈≈≈≈≈≈≈≈≈≈≈≈≈≈≈≈≈≈≈≈≈≈≈≈ ≈≈≈≈≈≈≈≈≈≈≈≈≈≈≈≈≈≈≈≈≈≈≈≈≈≈≈≈≈≈≈≈≈ ≈≈≈≈≈≈≈≈≈≈≈≈≈≈≈≈≈≈≈≈≈≈≈≈≈≈≈≈≈≈≈≈ ≈≈≈≈≈≈≈≈≈≈≈≈≈≈≈≈≈≈≈≈≈≈≈≈≈≈≈ ≈≈≈≈≈≈≈≈≈≈≈≈≈≈≈≈≈≈≈≈≈≈≈≈≈≈≈ ≈≈≈≈≈≈≈≈≈≈≈≈≈≈≈≈≈≈≈≈≈≈≈≈≈≈ ≈≈≈≈≈≈≈≈≈≈≈≈≈≈≈ Turn 59705 on Shoals:3: - these are some dangerous friends ..≈≈≈.. #>..≈≈≈≈≈...≈≈≈....... ..≈≈≈..## #.≈.≈≈≈≈≈≈≈...≈≈≈..... ...≈....# ##....≈≈≈≈≈≈≈.....≈≈≈≈. .#......###......≈≈≈≈≈≈≈.....≈≈≈. ...≈≈..t....≈≈≈≈≈.≈≈≈≈≈≈.m###.... ##.....≈.≈≈≈≈≈....≈≈≈≈≈..# ###.. ..#..≈≈≈≈≈≈≈....###..≈≈≈..# #.. ......≈≈≈≈≈≈....# ###≈≈≈m.#####.≈ ......≈.≈≈≈≈....# #.≈≈≈≈......≈ ..≈≈≈≈≈≈≈..###..#####..m≈≈≈≈...≈≈ ≈≈≈≈≈≈≈≈≈..# ##.@...mm..≈≈≈≈≈≈≈≈≈ ≈≈≈≈≈≈≈≈≈..###......2≈≈.≈≈≈≈≈≈≈≈≈ ≈≈≈≈≈≈≈≈≈≈.....≈≈≈.†&≈≈≈≈≈≈≈≈≈≈≈≈ ≈≈≈≈≈≈≈≈≈≈≈.(.≈≈≈≈≈≈≈≈≈≈≈≈≈≈≈≈≈≈≈ ≈≈≈≈≈≈≈≈≈≈≈≈≈≈≈≈≈≈≈≈≈≈≈≈≈≈≈≈≈≈≈≈≈ ≈≈≈≈≈≈≈≈≈≈≈≈≈≈≈≈≈≈≈≈≈≈≈≈≈≈≈≈≈≈≈≈≈ ≈≈≈≈≈≈≈≈≈≈≈≈≈≈≈≈≈≈≈≈≈≈≈≈≈≈≈≈≈≈≈ ≈≈≈≈≈≈≈≈≈≈≈≈≈≈≈≈≈≈≈≈≈≈≈≈≈≈≈ ≈≈≈≈≈≈≈≈≈≈≈≈≈≈≈≈≈≈≈≈≈≈≈≈≈≈≈ ≈≈≈≈≈≈≈≈≈≈≈≈≈≈≈≈≈≈≈≈≈≈≈≈≈≈ ≈≈≈≈≈≈≈≈≈≈≈≈≈≈≈ Turn 59710 on Shoals:3: - come on tormentor, torment them don't just slap them around ## #.≈.≈≈≈≈≈≈≈...≈≈≈.....## #.≈≈ .# ##....≈≈≈≈≈≈≈.....≈≈≈≈.####..≈ .###......≈≈≈≈≈≈≈.....≈≈≈..##..≈≈ t.....≈≈≈≈.≈≈≈≈≈≈..###.....(..... .≈..≈≈≈≈.....≈≈≈...# ###.......^. ≈≈≈≈.....###..≈≈≈..# #..≈≈≈.### ≈≈≈≈≈....# ###.≈≈..#####.≈≈≈≈.# .≈≈≈.....# #)≈≈≈.......≈≈≈.<### ≈≈..###..#####&2.≈≈≈....≈≈≈≈..... ≈≈..# ##.....)))..≈≈....≈≈≈≈≈.... ≈≈..###.........@≈≈≈≈≈≈≈≈≈≈≈≈≈≈≈≈ ≈≈≈......≈..†≈...≈≈≈≈≈≈≈≈≈≈≈≈≈≈≈≈ ≈≈≈≈.(..≈≈≈≈≈≈≈.≈≈≈≈≈≈≈≈≈≈≈≈≈≈≈≈≈ ≈≈≈≈≈≈≈≈≈≈≈≈≈≈≈≈≈≈≈≈≈≈≈≈≈≈≈≈≈≈≈≈≈ ≈≈≈≈≈≈≈≈≈≈≈≈≈≈≈≈≈≈≈≈≈≈≈≈≈≈≈≈≈≈≈≈≈ ≈≈≈≈≈≈≈≈≈≈≈≈≈≈≈≈≈≈≈≈≈≈≈≈≈≈≈≈≈≈≈≈≈ ≈≈≈≈≈≈≈≈≈≈≈≈≈≈≈≈≈≈≈≈≈≈≈≈ ≈≈≈≈≈≈≈≈≈≈≈≈≈≈≈≈≈≈≈≈≈≈≈≈ ≈≈≈≈≈≈≈≈≈≈≈≈≈≈≈≈≈≈≈≈≈≈≈ ≈≈≈≈≈≈≈≈≈≈≈≈≈≈≈≈≈≈≈≈≈≈ Turn 59726 on Shoals:3: - boy the friendly panlord stamps it, i'm doing the clever invis maneuvers ..≈≈...≈≈.....≈≈≈≈≈≈≈≈≈≈≈≈...≈ ≈≈.≈≈..... .≈≈≈≈≈≈≈≈≈≈≈)#.. ≈≈.$≈≈...# .≈≈≈≈≈≈≈≈.≈≈.#.. .....≈≈..# #.≈≈≈≈≈≈≈..≈≈≈... ##..≈≈≈..# #>.≈≈≈≈≈....≈≈≈.. ...≈≈≈≈..## #.≈.≈≈≈≈≈≈≈...≈≈≈ .....≈....# ##....≈≈≈≈≈≈≈..... ...#......###...≈..≈≈≈≈≈≈≈.... ≈≈...≈≈.......≈≈≈≈≈.≈≈≈≈≈≈..## ≈..##..≈.≈≈≈≈≈≈≈≈.....≈≈≈...# ....#..≈≈≈≈≈≈@....###..≈≈≈..# . ......≈≈≈≈≈≈....# ###.≈≈≈.## ..≈≈.≈≈.≈≈≈≈....# #)≈≈≈... .≈≈≈≈≈≈≈≈..###..#####)).≈≈≈. ≈≈≈≈≈≈≈≈≈..# ##.....))).≈≈≈. ≈≈≈≈≈≈≈≈≈≈.###..≈.......≈≈≈≈ ≈≈≈≈≈≈≈≈≈≈.....≈≈≈.†≈≈..≈≈≈≈ ≈≈≈≈≈≈≈≈≈≈≈.(..≈≈≈≈≈≈≈.≈≈≈≈≈ ≈≈≈≈≈≈≈≈≈≈≈≈≈≈≈≈≈≈≈≈≈≈≈≈≈≈≈≈ ≈≈≈≈≈≈≈≈≈≈≈≈≈≈≈≈≈≈≈≈≈≈≈≈≈≈≈≈ ≈≈≈≈≈≈≈≈≈≈≈≈≈≈≈≈≈≈≈≈≈≈≈≈≈≈ Turn 59750 on Shoals:3: - ah but they never stick around

,≈≈≈≈≈≈≈≈,,,,,,≈≈≈≈≈,,,≈≈≈≈≈≈≈≈≈≈
,,≈≈,≈≈,,,,,,,,≈≈≈≈≈≈≈≈≈≈≈≈≈≈≈≈≈≈
,,,,,,≈,****,,,,,,,≈≈≈≈≈≈≈≈≈≈≈≈≈≈
,,***,,** **..**,....≈≈≈≈≈≈≈≈≈≈≈
,** *,** **.###.≈≈≈≈≈≈≈≈≈≈≈≈≈≈
,****,** *....≈≈≈≈≈≈≈≈≈≈≈≈≈≈≈
,,,*,,,**##**##....≈≈≈≈≈≈≈≈≈≈≈≈≈≈
,,,,,≈,,,...##.....≈≈≈≈≈≈≈≈≈≈≈≈≈≈
,,,≈≈≈≈≈≈≈.........≈≈≈≈≈≈≈≈≈≈≈≈≈≈
,,,≈≈≈≈≈≈≈≈≈..(....≈≈≈≈≈≈≈≈≈≈≈≈≈≈
,,≈≈≈≈≈≈≈≈≈.....@..≈≈≈≈≈≈≈≈≈≈≈≈≈≈
,,≈≈≈≈≈≈≈≈≈.......≈≈≈≈≈≈≈≈≈≈≈≈≈≈≈
,≈≈≈≈≈≈≈≈≈≈......≈≈≈≈≈≈≈≈≈≈≈≈≈≈≈≈
≈≈≈≈≈≈≈≈≈≈≈≈.....≈≈≈≈≈≈≈≈≈≈≈≈≈≈≈≈
≈≈≈≈≈≈≈≈≈≈≈≈....≈≈≈≈≈≈≈≈≈≈≈≈≈≈≈≈≈
≈≈≈≈≈≈≈≈≈≈≈≈≈≈.≈≈≈≈≈≈≈≈≈≈≈≈≈≈≈≈≈≈
≈≈≈≈≈≈≈≈≈≈≈≈≈≈≈<≈≈≈≈####≈≈≈≈≈≈≈≈≈
≈≈≈≈≈≈≈≈≈≈≈≈≈≈≈≈≈≈###****≈≈≈≈≈≈≈≈
≈≈≈≈≈≈≈≈≈≈≈≈≈≈≈≈**,,≈*≈,***≈≈≈≈≈≈
≈≈≈≈≈≈≈≈≈≈≈≈≈≈≈≈**,,,≈,,,**≈≈≈≈≈≈
≈≈≈≈≈≈≈≈≈≈≈≈≈≈≈≈***,*,*,≈**≈≈≈≈≈≈


Turn 60359 on Shoals:4: - that seemed brutal ,,,,,,≈,,,,,,≈≈≈≈≈≈≈≈≈≈***,≈≈*,,*
,,,,,≈≈,,,,,,,≈≈≈≈≈≈≈≈≈≈,*******, ≈≈,,≈≈≈,,,,,,,≈≈≈≈≈≈≈≈≈≈,****≈**,
≈≈≈≈≈≈,,,,,,,≈≈≈≈≈≈≈.,,,,,,≈≈≈≈≈, ≈≈≈≈≈≈,,,,,,,,≈≈.≈≈.,,,,..≈≈≈≈≈≈≈
≈≈≈≈≈≈,,,,,,,,,,....****,[.,,,.≈≈ ≈≈≈≈≈,,,,.,,,,**#..** **..**,...
≈≈≈≈≈,,,,...,** #.#* **.###.≈≈ ≈≈≈≈,,,,,....#*##.## *....≈≈≈
≈≈≈≈,,,,,......#...########....≈≈ ≈≈≈,,,,<,.......@≈......##.....≈≈
≈≈≈,,,,,,.......≈≈≈≈...........≈≈ ≈≈≈,,,,,,......≈≈≈≈≈≈≈....(....≈≈
≈≈≈,,,,,,......≈≈≈≈≈≈≈≈........≈≈ ≈≈≈,,,,,,.....≈≈≈≈≈≈≈≈≈........≈≈
******,,,.....≈≈≈≈≈≈≈≈≈.......≈≈≈ ******,≈≈....≈≈≈≈≈≈≈≈≈≈.......≈≈≈
,≈*≈,***≈≈≈≈≈≈≈≈≈≈≈≈≈≈≈......≈≈≈≈ ,,≈,,,**≈≈≈≈≈≈≈≈≈≈≈≈≈≈≈≈....≈≈≈≈≈
,*,*,**≈≈≈≈≈≈≈≈≈≈≈≈≈≈≈≈≈≈≈≈<≈≈≈≈# ≈,,,≈***≈≈≈≈≈≈≈≈≈≈≈≈≈≈≈≈≈≈≈≈≈≈### Turn 60381
on Shoals:4: - I'm having a tough judge if thats better

Levels and vault maps discovered:
D:1:      roderic_dead_forest, layout_basic, chequers_ecumenical_altar_simple
D:2:      layout_rooms, serial_shops, nicolae_shop_crystal
D:3:      layout_basic, roderic_lattice_a, bh_walls_and_bars
D:4:      minmay_thick_lines, layout_basic, serial_shops, shop, abandoned_shop,
          uniq_natasha, uniq_robin, uniq_duvessa
D:5:      layout_cave_pools, serial_shops, nicolae_shop_statue_plus,
          uniq_eustachio, uniq_grinder
D:6:      layout_basic, mainiacjoe_overflow_alcove_2, minmay_tree_intersection,
          minmay_holes
D:7:      minmay_chambers_of_fours, layout_rooms,
          minmay_temple_entry_antechambers, enter_bailey_3
D:8:      layout_cave_pools, david_lair_generic, hellmonk_guarded_unrand_night
D:9:      layout_cave_pools, orc_0_dummy, lemuel_flamethrower_2, uniq_maggie
D:10:     layout_roguey, serial_glass, glass_columns_a, glass_columns_a,
          item_on_display_a, item_on_display_a, due_unseen_surprise
D:11:     layout_basic
D:12:     layout_loops_cross
D:13:     layout_grid_maze, david_vaults_3, gauntlet_entry_generic
D:14:     layout_loops_ring, portal_ice_cave_entry_dragon,
          minmay_misc_feat_more_columns, uniq_louise
D:15:     grunt_enter_depths_hoard, layout_long_grid,
          gammafunk_ghost_berserking_beasts, grunt_gozag_statues,
          nooodl_orcs_dogs
Temple:   kilobyte_greek_temple
Lair:1:   layout_regular_city, serial_bayou_shore_a, minmay_lair_oklob_chamber,
          infiniplex_staircase_pool, grunt_megastairs_5
Lair:2:   layout_regular_city, patterned_corridor, serial_bayou_shore_b,
          infiniplex_staircase_pool_2
Lair:3:   nzn_winding_woodlands_stair_trap [nzn_winding_woodlands_5x15_cabin,
          nzn_winding_woodlands_5x15_sidewinder,
          nzn_winding_woodlands_5x15_lazy_stream,
          nzn_winding_woodlands_15x15_killbox, nzn_winding_woodlands_5x15_twine,
          nzn_winding_woodlands_5x15_garden,
          nzn_winding_woodlands_5x15_crooked], layout_regular_city,
          minmay_shoals_entry_hut, spider_nest_entry_funnel_web,
          eino_small_chamber_without_monster, uniq_sonja
Lair:4:   layout_roguey
Lair:5:   layout_loops_ring, nicolae_volcano_entry_lava_flow, minivault_27,
          grunt_megastairs_3, lemuel_fruit_fields
Lair:6:   hangedman_lair_in_review, layout_cave_pods, slime_altar_1
Shoals:1: layout_shoals
Shoals:2: layout_shoals, gammafunk_ghost_grave
Shoals:3: layout_shoals, uniq_ilsuiw
Shoals:4: shoals_end_grunt_ice, layout_shoals, uniq_polyphemus
Spider:1: layout_spider_delve
Spider:2: layout_spider_delve
Spider:3: layout_chambers, portal_ice_cave_entry_pillars_2,
          nicolae_spider_checkerboard, uniq_arachne, uniq_roxanne, uniq_azrael
Spider:4: spider_rune_water, uniq_kirke
Orc:1:    layout_caves, basic_altar, nicolae_orc_damp_corner
Orc:2:    kennysheep_orc_mage_school, layout_caves, serial_shops, shop

Skill      XL: |  1  2  3  4  5  6  7  8  9 10 11 12 13 14 15 |
---------------+----------------------------------------------+-----
Unarmed Combat | 4 5 6 7 8 9 10 12 14 15 | 15.0
Transmutations | 3 4 5 6 7 8 9 10 | 10.0
Poison Magic   | 2 3 4 |  4.0
Dodging        | 6 7 9 11 12 | 12.0
Stealth        | 4 6 9 11 12 | 12.0
Spellcasting   | 3 4 8 |  8.8
Ice Magic      | 4 6 7 9 |  9.0
Fighting       | 5 6 8 9 12 | 12.0
Hexes          | 6 9 11 14 | 14.6
Invocations    | 6 9 12 11 | 12.0
Translocations | 2 |  2.8

Action                   |  1- 3 |  4- 6 |  7- 9 | 10-12 | 13-15 | 16-18 || total
-------------------------+-------+-------+-------+-------+-------+-------++-------
Melee: Unarmed           |   139 |   158 |   230 |   505 |  1014 |    10 ||  2056
       Headbutt          |    12 |    25 |    10 |    18 |    16 |       ||    81
       Bite              |     6 |    13 |    12 |    19 |    49 |       ||    99
       Punch             |     1 |     4 |     9 |     4 |    30 |     1 ||    49
 Cast: Beastly Appendage |    36 |    35 |    16 |    16 |    45 |       ||   148
       Spider Form       |       |       |    25 |     9 |     1 |       ||    35
       Ice Form          |       |       |     3 |    39 |    73 |       ||   115
       Tukima's Dance    |       |       |       |     8 |    60 |       ||    68
       Ensorcelled Hiber |       |       |       |    19 |   456 |     2 ||   477
       Frozen Ramparts   |       |       |       |     2 |    81 |       ||    83
       Ozocubu's Armour  |       |       |       |       |    47 |       ||    47
       Yara's Violent Un |       |       |       |       |     4 |       ||     4
       Invisibility      |       |       |       |       |     8 |       ||     8
Invok: Draw Destruction  |       |       |       |    21 |    73 |       ||    94
       Draw Summoning    |       |       |       |     2 |    20 |       ||    22
       Deal Four         |       |       |       |       |     3 |       ||     3
       Draw Stack        |       |       |       |       |     2 |       ||     2
       Stack Five        |       |       |       |       |     1 |       ||     1
       Draw Escape       |       |       |       |       |     1 |       ||     1
 Abil: End Transformatio |       |       |     4 |     6 |    20 |       ||    30
Evoke: Wand              |       |       |     7 |    13 |    76 |     1 ||    97
  Use: Scroll            |     5 |     1 |     4 |    10 |    31 |       ||    51
       Potion            |       |     2 |       |     2 |    17 |     5 ||    26
 Stab: Sleeping          |     3 |       |     5 |    20 |   251 |       ||   279
       Paralysed         |       |       |     1 |     2 |     7 |       ||    10
       Invisible         |       |       |       |       |     4 |       ||     4
       Distracted        |       |       |       |       |     7 |       ||     7
       Petrified         |       |       |       |       |     1 |       ||     1
Armor: Skin              |     7 |    14 |    11 |    72 |   275 |    67 ||   446
Dodge: Dodged            |   117 |   106 |   177 |   257 |  1080 |    62 ||  1799
